 Dungeon Crawl Stone Soup version 0.31-a0-182-gc5ef74bbde (webtiles) character file.

Game seed: 4075182117767615885

445 qw the Chopper (level 7, -3/44 HPs)
             Began as a Gargoyle Fighter on June 20, 2023.
             Slain by an iguana (7 damage)
             ... on level 4 of the Dungeon.
             The game lasted 00:01:50 (3420 turns).

qw the Chopper (Gargoyle Fighter)                   Turns: 3420, Time: 00:01:50

Health: -3/44      AC: 12    Str: 21    XL:     7   Next: 3%
Magic:  7/7        EV:  9    Int:  9    God:
Gold:   221        SH:  4    Dex:  9    Spells: 6/6 levels left

rFire   . . .        Y - +1 war axe
rCold   . . .        c - +0 buckler
rNeg    + . .        b - +0 scale mail
rPois   inf          (no helmet)
rElec   +            (no cloak)
rCorr   +            (no gloves)
SInv    .            j - +0 pair of boots
Will    .....        (no amulet) Stlth
                     k - ring of resist corrosion
HPRegen 0.27/turn    (no ring)
MPRegen 0.10/turn

%: no passive effects
@: no status effects
A: sickness immunity, AC +4, negative energy resistance 1, electricity
resistance, torment resistance 1, petrification resistance
a: no special abilities


You were on level 4 of the Dungeon.
You visited 1 branch of the dungeon, and saw 4 of its levels.

You collected 221 gold pieces.


Innate Abilities, Weirdness & Mutations

You are immune to sickness and miasma.
Your stone body is resilient. (AC +4)
You are immune to poison.
You resist negative energy. (rN+)
You are resistant to electric shocks. (rElec)
You are resistant to unholy torment.
You are immune to petrification.


   Skills:
 - Level 4.5 Fighting
 + Level 5.8 Axes
 - Level 3.2 Armour
 - Level 1.2 Dodging
 - Level 3.2 Shields


You had 6 spell levels left.
You didn't know any spells.
Your spell library was empty.

Inventory:

Hand Weapons
 h - a +0 flail
 Y - a +1 war axe (weapon)
Missiles
 m - 3 boomerangs (quivered)
Armour
 b - a +0 scale mail (worn)
 c - a +0 buckler (worn)
 j - a +0 pair of boots (worn)
Jewellery
 k - a ring of resist corrosion (left hand)
 n - a ring of fire
 p - a ring of resist corrosion
Scrolls
 a - a scroll of identify
Potions
 d - a potion of might
 e - a potion of brilliance {unknown}
 f - a potion of degeneration {unknown}
 g - 2 potions of curing
 o - a potion of cancellation {unknown}
 q - a potion of enlightenment {unknown}

Dungeon Overview and Level Annotations

Branches:
Dungeon (4/15)
 Temple: D:4-7

Altars:

Shops:
D:3 :


Message History

The iguana hisses angrily.
Enter note: You throw a boomerang.
The boomerang hits the iguana.
The iguana is lightly wounded.
You throw a boomerang. The boomerang hits the iguana.
The iguana is moderately wounded.
You throw a boomerang. The boomerang barely misses the iguana.
You barely miss the iguana.
The iguana is moderately wounded.
The iguana bites you but does no damage.
The iguana barely misses you.
You barely miss the iguana.
The iguana is moderately wounded.
The iguana closely misses you.
You closely miss the iguana.
The iguana is moderately wounded.
The iguana bites you but does no damage.
You barely miss the iguana.
The iguana is moderately wounded.
The iguana barely misses you.
You barely miss the iguana.
The iguana is moderately wounded.
The iguana bites you but does no damage.
You slash the iguana!
The iguana is severely wounded.
You are no longer glowing.
The iguana barely misses you. The iguana bites you.
You hit the iguana but do no damage.
The iguana is severely wounded.
The iguana closely misses you.
You closely miss the iguana.
The iguana is severely wounded.
The iguana bites you but does no damage.
You closely miss the iguana.
The iguana is severely wounded.
The iguana bites you but does no damage.
You closely miss the iguana.
The iguana is severely wounded.
The iguana completely misses you. The iguana bites you!
You die...

....... #......
#..... #..... #
#..... ..
#....## #...
##....#.....
#...........
#..@.......
.......l....#..
.#.............
#.............
##.#.##.#...##
#...# .##....
..... .. #...
..... .# ...


You could see an iguana.

Vanquished Creatures
  Duvessa (D:4)
  A phantom (D:3)
  Dowan (D:4)
  An orc priest (D:4)
  2 orc wizards
  An adder (D:2)
  A worm (D:3)
  18 orcs
  5 endoplasms
  4 giant cockroaches
  12 goblins
  11 hobgoblins
  10 jackals
  2 quokkas
  3 ball pythons
  9 bats
  4 frilled lizards
  8 kobolds
  2 rats
96 creatures vanquished.

Notes
Turn   | Place    | Note
-------+----------+-------------------------------------------
     0 | D:1      | qw the Gargoyle Fighter began the quest for the Orb.
     0 | D:1      | Reached XP level 1. HP: 14/14 MP: 1/1
     0 | D:1      | 0 ||| qw: Version: 0.3-a-9-g12657ce
     0 | D:1      | 0 ||| qw: Game counter: 1504
     0 | D:1      | 0 ||| qw: Always use a shield: true
     0 | D:1      | 0 ||| qw: God list: Okawaru
     0 | D:1      | 0 ||| qw: Allow faded altars: false
     0 | D:1      | 0 ||| qw: Do Orc after D:15 true
     0 | D:1      | 0 ||| qw: Do second Lair branch before Depths: true
     0 | D:1      | 0 ||| qw: Lair rune preference: random
     0 | D:1      | 0 ||| qw: Plans: Normal, Zot:1-4, Slime:5, God:TSO, Crypt,
                  | Tomb, Abyss, Pan, Hells, Win
     0 | D:1      | 0 ||| PLANNING D:1-11
    10 | D:1      | 10 ||| Stepping ~*~*~tactically~*~*~ (stealth).
    11 | D:1      | 11 ||| Stepping ~*~*~tactically~*~*~ (stealth).
    15 | D:1      | 15 ||| Stepping ~*~*~tactically~*~*~ (stealth).
    17 | D:1      | 17 ||| Stepping ~*~*~tactically~*~*~ (stealth).
    20 | D:1      | Reached skill level 2 in Axes
    22 | D:1      | 22 ||| Stepping ~*~*~tactically~*~*~ (stealth).
    23 | D:1      | 23 ||| Stepping ~*~*~tactically~*~*~ (stealth).
    25 | D:1      | 25 ||| Stepping ~*~*~tactically~*~*~ (hiding).
    26 | D:1      | 26 ||| Stepping ~*~*~tactically~*~*~ (hiding).
    59 | D:1      | Reached XP level 2. HP: 19/19 MP: 2/2
    59 | D:1      | 59 ||| DROPPING +0 club.
   278 | D:1      | Reached skill level 3 in Axes
   515 | D:1      | Reached XP level 3. HP: 20/23 MP: 3/3
   542 | D:1      | 542 ||| Stepping ~*~*~tactically~*~*~ (stealth).
   555 | D:1      | 555 ||| Stepping ~*~*~tactically~*~*~ (stealth).
   939 | D:1      | 939 ||| UPGRADING to +0 pair of boots.
   944 | D:1      | 944 ||| READING scroll labelled EPNUDW TAL OZU.
   945 | D:1      | 945 ||| READING scroll labelled LASALA LOCUFF.
   946 | D:1      | 946 ||| READING scroll labelled RAMPEI OFFO.
   947 | D:1      | 947 ||| READING scroll labelled PAUJYWN USKAMI.
   948 | D:1      | 948 ||| READING scroll labelled LYUDYNK LEASYKASIKK.
   983 | D:2      | Identified the +7 spear "Uxzu" {distort, Int+3}
  1208 | D:2      | You fall into a shaft and drop 1 floor!
  1270 | D:3      | 1270 ||| READING scroll labelled EXAICI MYDDAOF.
  1337 | D:2      | 1337 ||| Stepping ~*~*~tactically~*~*~ (stealth).
  1347 | D:2      | 1347 ||| FLEEEEING.
  1348 | D:2      | 1348 ||| FLEEEEING.
  1349 | D:2      | 1349 ||| FLEEEEING.
  1350 | D:2      | 1350 ||| FLEEEEING.
  1351 | D:2      | 1351 ||| FLEEEEING.
  1352 | D:2      | 1352 ||| FLEEEEING.
  1353 | D:2      | 1353 ||| FLEEEEING.
  1354 | D:2      | 1354 ||| FLEEEEING.
  1355 | D:2      | 1355 ||| FLEEEEING.
  1356 | D:2      | 1356 ||| FLEEEEING.
  1357 | D:2      | 1357 ||| FLEEEEING.
  1358 | D:2      | 1358 ||| FLEEEEING.
  1359 | D:2      | 1359 ||| FLEEEEING.
  1360 | D:2      | 1360 ||| FLEEEEING.
  1361 | D:2      | 1361 ||| FLEEEEING.
  1363 | D:2      | Reached XP level 4. HP: 26/28 MP: 4/4
  1396 | D:2      | 1396 ||| DROPPING +0 mace.
  1403 | D:2      | Found a faded altar of an unknown god.
  1873 | D:2      | 1873 ||| READING scroll labelled DIOREC BUELL.
  1878 | D:2      | 1878 ||| DRINKING 2 fuming dark potions.
  1922 | D:3      | 1922 ||| Stepping ~*~*~tactically~*~*~ (stealth).
  1945 | D:3      | Found Lunu Tash's Vocational Training.
  1978 | D:3      | 1978 ||| Stepping ~*~*~tactically~*~*~ (hiding).
  1980 | D:3      | 1980 ||| Stepping ~*~*~tactically~*~*~ (hiding).
  1981 | D:3      | 1981 ||| Stepping ~*~*~tactically~*~*~ (hiding).
  1983 | D:3      | 1983 ||| Stepping ~*~*~tactically~*~*~ (hiding).
  1984 | D:3      | 1984 ||| Stepping ~*~*~tactically~*~*~ (hiding).
  2034 | D:3      | Reached skill level 4 in Axes
  2242 | D:3      | 2242 ||| Stepping ~*~*~tactically~*~*~ (hiding).
  2891 | D:3      | 2891 ||| UPGRADING to ring of resist corrosion.
  2892 | D:3      | 2892 ||| READING scroll labelled WUEXTI ZIOLUS.
  2893 | D:3      | 2893 ||| DRINKING 3 amethyst potions.
  2909 | D:4      | Reached XP level 5. HP: 32/32 MP: 5/5
  2912 | D:4      | 2912 ||| STAIRDANCE
  2929 | D:4      | 2929 ||| STAIRDANCE
  2949 | D:4      | Noticed a phantom
  2951 | D:4      | 2951 ||| STAIRDANCE
  2959 | D:3      | 2959 ||| FLEEEEING.
  2960 | D:3      | 2960 ||| FLEEEEING.
  2961 | D:3      | 2961 ||| FLEEEEING.
  2963 | D:3      | 2963 ||| FLEEEEING.
  2964 | D:3      | 2964 ||| FLEEEEING.
  2965 | D:3      | 2965 ||| FLEEEEING.
  2968 | D:3      | 2968 ||| FLEEEEING.
  2969 | D:3      | 2969 ||| FLEEEEING.
  2971 | D:3      | 2971 ||| FLEEEEING.
  2972 | D:3      | 2972 ||| FLEEEEING.
  2974 | D:3      | 2974 ||| FLEEEEING.
  2975 | D:3      | 2975 ||| FLEEEEING.
  2976 | D:3      | 2976 ||| FLEEEEING.
  2977 | D:3      | 2977 ||| FLEEEEING.
  2978 | D:3      | 2978 ||| FLEEEEING.
  2979 | D:3      | 2979 ||| FLEEEEING.
  2980 | D:3      | 2980 ||| FLEEEEING.
  2983 | D:3      | 2983 ||| STAIRDANCE
  3130 | D:4      | 3130 ||| STAIRDANCE
  3133 | D:4      | HP: 4/32 [orc priest/divine providence (11)]
  3134 | D:4      | 3134 ||| DRINKING potion of heal wounds.
  3142 | D:4      | Reached skill level 5 in Axes
  3143 | D:4      | 3143 ||| STAIRDANCE
  3143 | D:4      | HP: 8/32 [orc priest/divine providence (9)]
  3151 | D:3      | HP: 8/32 [phantom (2)]
  3158 | D:3      | Killed a phantom
  3159 | D:3      | Reached XP level 6. HP: 8/39 MP: 6/6
  3292 | D:4      | Reached skill level 1 in Dodging
  3387 | D:4      | Noticed Dowan
  3388 | D:4      | Noticed Duvessa
  3392 | D:4      | 3392 ||| Stepping ~*~*~tactically~*~*~ (hiding).
  3393 | D:4      | 3393 ||| Stepping ~*~*~tactically~*~*~ (hiding).
  3402 | D:4      | Killed Duvessa
  3402 | D:4      | HP: 4/39 [Dowan/shard of ice (18)]
  3403 | D:4      | 3403 ||| READING scroll of teleportation.
  3406 | D:4      | Killed Dowan
  3407 | D:4      | Reached XP level 7. HP: 5/44 MP: 7/7
  3407 | D:4      | 3407 ||| FLEEEEING.
  3416 | D:4      | HP: 3/44 [iguana (6)]
  3420 | D:4      | Slain by an iguana

Levels and vault maps discovered:
D:1:      lightli_arrival_statuegarden, layout_basic
D:2:      layout_basic, hellmonk_ecumenical_altar_defaced_shrine,
          minmay_misc_feat_roman, kennysheep_generic_room_8
D:3:      corexii_shack_village, layout_basic, serial_bayou_pond_b,
          nicolae_shop_vocational
D:4:      layout_cave_pools, nicolae_qazlal_general_emergency, minmay_quantized,
          uniq_duvessa

Skill      XL: |  1  2  3  4  5  6 |
---------------+-------------------+-----
Axes           | 2 3 4 5 |  5.8
Fighting       | 4 |  4.5
Dodging        | 1 |  1.2
Armour         | |  3.2
Shields        | |  3.2

Action                     |  1- 3 |  4- 6 |  7- 9 || total
---------------------------+-------+-------+-------++-------
  Melee: War axe           |   110 |   151 |    10 ||   271
  Throw: Boomerang         |     3 |    46 |     3 ||    52
    Use: Scroll            |     6 |     3 |       ||     9
         Potion            |       |     3 |       ||     3
 Armour: Scale mail        |    52 |   108 |     5 ||   165
  Dodge: Dodged            |    51 |    70 |     6 ||   127
  Block: Buckler           |    20 |    40 |       ||    60

Table legend:
 A = Non-vault XP
 B = Vault XP
 C = Vault XP percentage of total XP
 D = Non-vault monster count
 E = Vault monster count
 F = Vault count percentage of total count
                 A         B        C        D         E       F
            +---------+---------+-------+---------+---------+-------
      Total |     373 |     264 |  41.4 |      71 |      25 |  26.0
            +---------+---------+-------+---------+---------+-------
        D:1 |      46 |       0 |   0.0 |      26 |       0 |   0.0
        D:2 |      20 |       9 |  31.0 |       5 |       3 |  37.5
        D:3 |     200 |      41 |  17.0 |      26 |      20 |  43.5
        D:4 |     107 |     214 |  66.7 |      14 |       2 |  12.5
            +---------+---------+-------+---------+---------+-------
